 Dungeon Crawl Stone Soup version 0.29-a0-284-gf9362112df (webtiles) character file.

Game seed: 2442235051411863060

151 Hubjo the Sneak (level 5, -2/58 HPs)
             Began as a Demonspawn Enchanter on Mar 23, 2022.
             Was an Initiate of Ashenzari.
             Killed by an exploding orc (11 damage)
             ... ignited by their inner flame
             ... on level 3 of the Dungeon.
             The game lasted 00:07:05 (2265 turns).

Hubjo the Sneak (Demonspawn Enchanter)              Turns: 2265, Time: 00:07:05

Health: -2/58      AC: 22    Str:  8    XL:     5   Next: 11%
Magic:  8/8        EV:  2    Int: 22    God:    Ashenzari [......]
Gold:   123        SH:  0    Dex: 22    Spells: 9/9 levels left

rFire   . . .      SeeInvis .   a - +1 dagger "Thunder Perfect Mind" {Elem, Comp} (curse)
rCold   . . .      Faith    .   (no shield)
rNeg    . . .      Spirit   .   (body armour currently unavailable)
rPois   +          Reflect  .   (helmet currently unavailable)
rElec   .          Harm     .   (cloak currently unavailable)
rCorr   .          Rampage  .   (gloves currently unavailable)
Will    .....      NoTele   +   (boots currently unavailable)
Stlth   +++.......              (no amulet)
HPRegen 0.19/turn               g - +6 ring of intelligence
MPRegen 0.11/turn               k - +6 ring of dexterity

@: tree-form, invisible
A: stationary, stasis, torment immunity, boosted hp, icemail 2, condensation
shield
a: Renounce Religion, Curse Item, Shatter the Chains


You were on level 3 of the Dungeon.
You worshipped Ashenzari.
Ashenzari was noncommittal.
You were a tree.
You visited 1 branch of the dungeon, and saw 3 of its levels.

You collected 123 gold pieces.

Inventory:

Hand Weapons
 a - the cursed +1 dagger "Thunder Perfect Mind" (weapon) {Elem, Comp}

   It has a curse which improves the following skills: Elements: Fire Magic, Ice
   Magic, Air Magic and Earth Magic.
   Companions: Summonings and Necromancy.
Armour
 b - a +0 robe (melded)
Jewellery
 g - a +6 ring of intelligence (left branch)
 k - a +6 ring of dexterity (right branch)
Scrolls
 i - a scroll of noise
Potions
 c - a potion of invisibility
 h - a potion of ambrosia {unknown}


   Skills:
 + Level 2.6 Fighting
 - Level 0.8 Short Blades
 - Level 1.7 Dodging
 * Level 3.9 Stealth
 * Level 2.6 Spellcasting
 + Level 3.6 Hexes


You had 9 spell levels left.
You didn't know any spells.
Your spell library contained the following spells:

 Spells                   Type           Power      Damage    Failure   Level
 Confusing Touch          Hex            18%        N/A       9%          3
 Tukima's Dance           Hex            18%        N/A       9%          3
 Ensorcelled Hibernation  Hex/Ice        20%        N/A       10%         2
 Sublimation of Blood     Necr           3%         N/A       19%         2
 Dazzling Flash           Conj/Hex       20%        N/A       19%         3
 Wereblood                Tmut           2%         N/A       21%         2
 Summon Hydra             Summ           1%         N/A       100%        7
 Chain Lightning          Conj/Air       1%         3d1       100%        9
 Fire Storm               Conj/Fire      1%         7d1       100%        9
 Shatter                  Erth           1%         3d5*      100%        9


Dungeon Overview and Level Annotations

Branches:
Dungeon (3/15)

Altars:
Ashenzari


Innate Abilities, Weirdness & Mutations

You are a tree.
Your roots penetrate the ground, keeping you stationary.
You cannot be teleported.
You are immune to unholy pain and torment.
Your maximum health is greatly increased.
Your equipment is partially melded.
A meltable icy envelope protects you from harm. (AC +0)
A meltable shield of frost defends you. (SH +0)


Message History

* * * LOW HITPOINT WARNING * * *
Something burns you.
* * * LOW HITPOINT WARNING * * *
Your quokka misses something.
Your ball python closely misses something.
An orc is nearby!
The orc attacks as you move away! The orc completely misses you.
You hear some strange, mumbled words.
Your ball python appears confused.
Your quokka bites something.
Your ball python barely misses the orc.
You feel better.
Your quokka barely misses something.
Something hits your ball python. Something burns your ball python.
Your ball python dies!
Your ball python's corpse dissolves into shadows!
The orc misses you.
As you read the scroll labelled UDEAQA BUVY, it crumbles to dust.
The creatures around you are filled with an inner flame!
It was a scroll of immolation.
Your quokka closely misses something.
The orc hits you but does no damage.
As you read the scroll labelled WOEVED CYIDU, it crumbles to dust.
It is a scroll of identify.
e - a potion of lignification The orc barely misses you.
Something hits you.
* * * LOW HITPOINT WARNING * * *
Something burns you.
* * * LOW HITPOINT WARNING * * *
Your quokka bites the orc but does no damage.
You turn into a tree.
Your +0 robe melds into your body.
Your roots penetrate the ground.
Something completely misses you. The orc hits you but does no damage.
Your quokka bites the orc.
Flame seeps out of the orc.
You fade into invisibility!
The orc is engulfed in blazing flames.
The orc explodes!
The fiery explosion engulfs your quokka!
Your quokka's corpse dissolves into shadows!
The fiery explosion engulfs something!!!
Reactivating autopickup.
You feel a bit more experienced. The fiery explosion engulfs you!
You die...

..### #..#
....#######..#
###....#....##
####...##..#
##......#
#..####.###
...#####.)§#####
.#.........§○§..#
.
?.##.##...§§♣..#
.## ..........?#
.# ≈≈≈..#.######
.≈$≈.##.# .≈≈≈.
... #.# .........
..# ... #
#.........#


There were no monsters in sight!

Vanquished Creatures
  4 orc wizards (D:3)
  2 adders (D:2)
  A worm (D:2)
  4 orcs (D:3)
  6 ball pythons
  3 bats (D:2)
  3 endoplasms
  2 giant cockroaches
  5 goblins
  5 hobgoblins
  7 jackals
  4 quokkas
  2 kobolds
  3 rats
51 creatures vanquished.

Notes
Turn   | Place    | Note
-------+----------+-------------------------------------------
     0 | D:1      | Hubjo the Demonspawn Enchanter began the quest for the Orb.
     0 | D:1      | Reached XP level 1. HP: 13/13 MP: 3/3
   373 | D:1      | Gained mutation: A meltable shield of frost defends you.
                  | (SH +0) [demonic ancestry]
   373 | D:1      | Reached XP level 2. HP: 20/20 MP: 5/5
   549 | D:1      | Reached skill level 1 in Fighting
  1233 | D:2      | Found a faded altar of an unknown god.
  1243 | D:2      | Gained mutation: A meltable icy envelope protects you from
                  | harm. (AC +0) [demonic ancestry]
  1243 | D:2      | Reached XP level 3. HP: 25/26 MP: 6/6
  1307 | D:2      | Prayed at the altar of an unknown god.
  1307 | D:2      | Became a worshipper of Ashenzari the Shackled
  1889 | D:3      | Reached XP level 4. HP: 33/33 MP: 7/7
  1955 | D:3      | Gained mutation: A meltable icy envelope protects you from
                  | harm. (AC +0) [demonic ancestry]
  1955 | D:3      | Reached XP level 5. HP: 18/39 MP: 8/8
  2265 | D:3      | Killed by an exploding orc... ignited by their inner flame

Illustrated notes

Levels and vault maps discovered:
D:1:      scummos_arrival_simple_crosswalls, layout_basic,
          minmay_misc_feat_alley
D:2:      layout_rooms, basic_ecumenical_altar
D:3:      minmay_thinvault, layout_rooms, trog_hazing_becter,
          corexii_item_surrounded_by_moat

Skill      XL: |  1  2  3 |
---------------+----------+-----
Fighting       | 1 2 |  2.6
Stealth        | 3 |  3.9
Short Blades   | |  0.8
Dodging        | |  1.7
Spellcasting   | |  2.6
Hexes          | |  3.6

Action                   |  1- 3 |  4- 6 || total
-------------------------+-------+-------++-------
Melee: Dagger            |   202 |    79 ||   281
       Punch             |     2 |     1 ||     3
Invok: Curse Item        |     1 |       ||     1
  Use: Potion            |     1 |    10 ||    11
       Scroll            |       |     4 ||     4
 Stab: Sleeping          |     6 |     1 ||     7
Armor: Robe              |    65 |    20 ||    85
       Skin              |       |     1 ||     1
Dodge: Dodged            |   124 |    22 ||   146
Block: Other             |    35 |     7 ||    42

Table legend: (Time is in decaauts)
 A = Elapsed time spent in this place.
 B = Non-inter-level travel time spent in this place.
 C = Inter-level travel time spent in this place.
 D = Time resting spent in this place.
 E = Time spent auto-exploring this place.
 F = Levels seen in this place.
 G = Mean time per level.
                   A        B        C        D        E       F      G
               +--------+--------+--------+--------+--------+-----+--------+
         Total |   2253 |   2253 |      0 |      0 |   1640 |   3 |  751.0 |
       Dungeon |   2253 |   2253 |      0 |      0 |   1640 |   3 |  751.0 |
               +--------+--------+--------+--------+--------+-----+--------+

Top non-repeatable levels by time:
     D:1: 1229 daAuts
     D:2: 774 daAuts
     D:3: 249 daAuts
